 Dungeon Crawl Stone Soup version 0.22.1-1-ga44c0e56f4 (webtiles) character file.

90401 Meliandr the Imperceptible (level 15, -10/110 HPs)
             Began as a Vampire Assassin on Oct 6, 2018.
             Was the Champion of Dithmenos.
             Killed from afar by a deep elf knight (33 damage)
             ... with an orb of energy
             ... on level 2 of the Elven Halls.
             The game lasted 02:49:52 (30124 turns).

Meliandr the Imperceptible (Vampire Assassin)      Turns: 30124, Time: 02:49:52

Health: -10/110    AC:  0    Str: 10    XL:     15   Next: 52%
Magic:  12/29      EV: 33    Int: 14    God:    Dithmenos [******]
Gold:   1511       SH:  0    Dex: 27    Spells: 30/34 levels left

rFire    . . .     SeeInvis +   (weapon currently unavailable)
rCold    . . .     Gourm    .   (shield currently unavailable)
rNeg     + . .     Faith    .   (armour currently unavailable)
rPois    .         Spirit   .   (helmet currently unavailable)
rElec    .         Reflect  .   (cloak currently unavailable)
rCorr    .         Harm     .   (gloves currently unavailable)
MR       +....                  (boots currently unavailable)
Stlth    ++++++++++             k - amulet of magic regeneration
HPRegen  0.28/turn              (ring currently unavailable)
MPRegen  0.46/turn              (ring currently unavailable)

@: bat-form, flying, wreathed by umbra, very quick
A: tiny, fangs 3, see invisible
a: End Transformation, Shadow Step, Shadow Form, Renounce Religion


You were on level 2 of the Elven Halls.
You worshipped Dithmenos.
Dithmenos was exalted by your worship.
You were not thirsty.
You were in vampire-bat-form.
You visited 5 branches of the dungeon, and saw 25 of its levels.
You also visited: Sewer and Bailey.

You collected 2103 gold pieces.
You spent 592 gold pieces at shops.

Inventory:

Hand Weapons
 b - a +0 blowgun
 u - the +9 quick blade of the Real Monster (melded) {pierce, Str+6}
   (You acquired it on level 1 of the Elven Halls)

   It inflicts extra damage upon your enemies.
   It affects your strength (+6).
Missiles
 e - 60 poisoned needles
 l - a throwing net (quivered)
 n - 56 tomahawks
 P - 68 tomahawks of returning
 R - 22 curare-tipped needles
 Z - 2 needles of paralysis
Armour
 B - a +2 pair of gloves (melded)
 H - a +2 helmet (melded)
 L - a +2 cloak of magic resistance (melded)
 T - the +2 robe of Apsedghos (melded) {Slay+3}
   (You found it on level 2 of the Lair of Beasts)

   It affects your accuracy and damage with ranged weapons and melee attacks
   (+3).
 X - +0 steam dragon scales
Jewellery
 k - an amulet of magic regeneration (around neck)
 y - an uncursed ring of fire
 C - a ring of stealth (melded)
 N - a +5 ring of evasion (melded)
 V - an uncursed ring of protection from cold
Wands
 E - a wand of digging (15)
 F - a wand of flame (191)
 I - a wand of acid (24)
 J - a wand of iceblast (15)
Scrolls
 c - a scroll of enchant armour
 d - 4 scrolls of blinking
 f - 11 scrolls of teleportation
 j - 7 scrolls of remove curse
 o - 4 scrolls of amnesia
 D - 3 scrolls of magic mapping
 O - a scroll of fog
Potions
 g - 3 potions of blood
 h - 11 potions of curing
 i - 9 potions of agility
 p - 2 potions of heal wounds
 r - 9 potions of magic
 s - 6 potions of flight
 t - 4 potions of berserk rage
 v - 5 potions of haste
 w - 3 potions of invisibility
 x - a potion of brilliance
 z - 3 potions of ambrosia
 A - 2 potions of might
 G - 2 potions of resistance
 M - a potion of mutation {unknown}
 Q - a potion of experience {unknown}
 U - 2 potions of degeneration {unknown}
Miscellaneous
 a - a phantom mirror
 q - a phial of floods
 S - a box of beasts


   Skills:
 + Level 7.9 Fighting
 + Level 12.0 Short Blades
 - Level 1.5 Throwing
 + Level 10.3 Dodging
 + Level 21.8 Stealth
 + Level 10.2 Spellcasting
 + Level 17.5 Hexes
 - Level 0.1 Evocations


You had 30 spell levels left.
You knew the following spells:

 Your Spells              Type           Power        Failure   Level  Hunger
a - Confusing Touch       Hex            ######       0%          1    None
b - Confuse               Hex            ######..     1%          3    #......

Your spell library contained the following spells:

 Spells                   Type           Power        Failure   Level  Hunger
 Inner Flame              Hex/Fire       ####....     1%          3    #......
 Metabolic Englaciation   Hex/Ice        ####......   8%          5    #####..
 Yara's Violent Unravell  Hex/Tmut       ####......   8%          5    #####..
 Animate Skeleton         Necr           N/A          11%         1    None
 Apportation              Tloc           #.....       11%         1    None
 Flame Tongue             Conj/Fire      #....        11%         1    None
 Freeze                   Ice            #...         11%         1    None
 Sandblast                Erth           #.....       11%         1    None
 Summon Small Mammal      Summ           #...         11%         1    None
 Passwall                 Tmut/Erth      #.......     16%         2    None
 Throw Flame              Conj/Fire      #.....       16%         2    None
 Throw Frost              Conj/Ice       #.....       16%         2    None
 Conjure Flame            Conj/Fire      #.......     30%         3    #......
 Gell's Gravitas          Tloc           #.........   30%         3    #......
 Ozocubu's Armour         Chrm/Ice       #.......     30%         3    #......
 Stone Arrow              Conj/Erth      #.....       30%         3    #......
 Petrify                  Tmut/Erth      #.......     71%         4    ###....
 Sticky Flame             Conj/Fire      #.......     71%         4    ###....
 Summon Ice Beast         Ice/Summ       #.......     71%         4    ###....
 Throw Icicle             Conj/Ice       #.......     71%         4    ###....
 Fireball                 Conj/Fire      #.........   96%         5    #####..
 Lee's Rapid Deconstruct  Erth           #.........   96%         5    #####..


Dungeon Overview and Level Annotations

Branches:
Dungeon (14/15)            Temple (1/1) D:5            Lair (6/6) D:9
 Shoals (0/4) Lair:3        Snake (0/4) Lair:2        Slime (0/5) Lair:5
    Orc (2/2) D:12            Elf (2/3) Orc:2        Vaults (0/5) D:14

Altars:
Ashenzari
Cheibriados
Dithmenos
Elyvilon
Fedhas
Gozag
Hepliaklqana
Kikubaaqudgha
Makhleb
Nemelex Xobeh
Okawaru
Qazlal
Ru
Sif Muna
Trog
Uskayaw
Vehumet
Wu Jian
Xom
Yredelemnul
Zin
The Shining One
Beogh
Jiyva

Shops:
D:4 :*%=   D:13 :   Orc:2 %[*[(

Annotations:
Lair:5 1 runed door, Geinyojo's ghost, journeyman MiBe
Elf:2 3 runed doors


Innate Abilities, Weirdness & Mutations

You have razor-sharp teeth.
You have supernaturally acute eyesight. (SInv)
((You can survive without breathing.))


Message History

Dithmenos accepts your kill.
The deep elf knight gestures at you while chanting.
The stone arrow misses you.
You turn into a vampire bat.
The +9 quick blade of the Real Monster {pierce, Str+6} melds into your body.
Your +2 cloak of magic resistance melds into your body.
Your +2 helmet melds into your body.
Your +2 pair of gloves melds into your body.
The +2 robe of Apsedghos {Slay+3} melds into your body.
Your +5 ring of evasion melds into your body.
Your ring of stealth melds into your body.
You feel less resistant to hostile enchantments.
The deep elf knight misses you.
The deep elf mage gestures wildly while chanting.
The deep elf mage blinks!
There is an open door here.
There is an open door here.
The deep elf knight gestures at you while chanting.
The orb of energy hits you!
You die...

#.# ##.## #.# #.#
##.#####'# ###'###
##.##...## ##.....##
##'.....## #.......#
##.......##
#.......###..)......#
#.......'.'.........#
#.<.....###.(.......#
#.....b.# ##.......##
#+.....'#####.....##
###+###.#####...)##
##e.#.####..##
##..#..####..###
##...'...###.....
#..e.#..%.###.###
##[..#...## ###
###+####(.#..##


You could see a deep elf knight.

Vanquished Creatures
  Kirke (Elf:1)
  An azure jelly (Lair:5)
  An orc warlord (Orc:1)
  Josephine (Lair:5)
  8 hydras
  Erolcha (D:10)
  A merfolk avatar (Lair:6)
  Erica (D:8)
  4 centaur warriors
  A catoblepas (D:13)
  6 two-headed ogres
  An ogre mage (D:11)
  7 dancing weapons
  Urug (D:13)
  Sonja (D:13)
  5 deep elf knights (Elf:1)
  The ghost of Leero the Transmogrifier, a novice NaTm (D:7)
  A sea snake (Lair:6)
  3 unseen horrors
  3 deep elf archers
  2 harpies (Lair:6)
  An orc knight (Bailey)
  17 deep elf magi
  2 ugly things
  2 orc sorcerers
  4 oklob plants
  3 cyclopes
  A manticore (Lair:6)
  6 black mambas
  A centaur zombie (D:12)
  2 elephants (Lair:6)
  Joseph (D:8)
  A torpor snail (Lair:3)
  14 spiny frogs
  7 rime drakes
  8 komodo dragons
  A komodo dragon (shapeshifter) (Elf:1)
  An efreet (D:13)
  2 polar bears
  8 trolls
  2 hornets (Lair:6)
  A wind drake (Lair:6)
  17 blink frogs
  A snapping turtle (Lair:3)
  10 hippogriffs
  36 yaks
  3 air elementals (Elf:1)
  A wyvern (D:10)
  6 wraiths
  A human (D:7)
  2 water elementals
  4 basilisks
  A fire elemental (Elf:1)
  3 hogs
  12 vampire mosquitoes
  A steam dragon (Lair:4)
  3 wargs
  3 nagas (Lair:2)
  Duvessa (D:6)
  17 water moccasins
  5 ice beasts
  9 porcupines
  Purgy (Sewer)
  2 sky beasts
  33 orc warriors
  4 black bears
  11 ogres
  3 phantoms
  13 wolves
  11 centaurs
  19 crocodiles
  2 big kobolds (D:10)
  16 bullfrogs
  A wyvern zombie (D:8)
  An earth elemental (Elf:1)
  Dowan (D:6)
  2 scorpions
  14 killer bees
  6 wights
  2 electric eels (Lair:3)
  4 howler monkeys
  A bullfrog zombie (D:5)
  5 crimson imps
  A quasit (D:10)
  24 orc priests
  4 hounds
  2 centaur skeletons
  5 jellies
  25 orc wizards
  A gnoll shaman (D:7)
  2 iguanas
  Crazy Yiuf (D:3)
  7 worker ants
  A hound skeleton (D:5)
  2 worker ant zombies
  21 gnolls
  A river rat (D:3)
  19 adders
  A shadow imp (D:8)
  An ooze (D:2)
  2 adder zombies
  An adder skeleton (D:4)
  7 worms
  2 dart slugs
  6 leopard geckos
  95 orcs
  3 ball pythons
  11 giant cockroaches
  12 goblins
  18 hobgoblins
  11 jackals
  12 quokkas
  9 bats
  10 frilled lizards
  29 kobolds
  A quokka zombie (D:5)
  6 rats
  A plant (Lair:6)
778 creatures vanquished.

Vanquished Creatures (others)
  A hog (Elf:1)
  A human (Elf:1)
  An orc wizard (D:8)
  An orc (Orc:2)
  2 fungi
  2 plants
8 creatures vanquished.

Grand Total: 786 creatures vanquished

Notes
Turn   | Place    | Note
-------+----------+-------------------------------------------
     0 | D:1      | Meliandr the Vampire Assassin began the quest for the Orb.
     0 | D:1      | Reached XP level 1. HP: 16/16 MP: 1/1
   122 | D:1      | Reached skill level 6 in Stealth
   381 | D:1      | Reached XP level 2. HP: 18/22 MP: 2/2
   706 | D:2      | Reached XP level 3. HP: 27/27 MP: 3/3
   733 | D:2      | Reached skill level 7 in Stealth
   983 | D:2      | Found a hide-covered altar of Uskayaw.
  1099 | D:2      | Reached XP level 4. HP: 25/33 MP: 4/4
  1177 | D:2      | Found a shattered altar of Ashenzari.
  1276 | D:2      | Noticed an ogre
  1281 | D:2      | Killed an ogre
  1281 | D:2      | Reached skill level 8 in Stealth
  1281 | D:2      | Reached XP level 5. HP: 39/39 MP: 5/5
  1760 | D:3      | Found a glowing drain.
  1769 | Sewer    | Entered a sewer
  1829 | Sewer    | Noticed Purgy
  1849 | Sewer    | Killed Purgy
  1849 | Sewer    | Reached skill level 9 in Stealth
  1849 | Sewer    | Reached XP level 6. HP: 24/46 MP: 6/6
  3224 | D:3      | Found a runed door.
  3228 | D:3      | Noticed Crazy Yiuf
  3232 | D:3      | Killed Crazy Yiuf
  3796 | D:3      | Found an ancient bone altar of Kikubaaqudgha.
  3975 | D:4      | Reached XP level 7. HP: 15/51 MP: 7/7
  4194 | D:4      | Reached skill level 10 in Stealth
  4198 | D:4      | Found Everrono's Jewellery Emporium.
  4700 | D:4      | Found Toicsap's Food Boutique.
  4852 | D:4      | Found Xifuep's Book Shop.
  4908 | D:4      | Found Fawafafa's Assorted Antiques.
  5026 | D:4      | Bought 2 sedimented yellow potions for 54 gold pieces
  5026 | D:4      | Bought a scroll labeled COC XU VOKYMP for 30 gold pieces
  5026 | D:4      | Bought a scroll of identify for 60 gold pieces
  5157 | D:5      | Entered Level 5 of the Dungeon
  5230 | D:5      | Learned a level 1 spell: Confusing Touch
  5303 | D:5      | Found a staircase to the Ecumenical Temple.
  5337 | D:5      | Reached skill level 5 in Short Blades
  5406 | D:5      | Reached skill level 1 in Hexes
  5483 | D:5      | Found a shadowy altar of Dithmenos.
  5483 | D:5      | Found a snail-covered altar of Cheibriados.
  5486 | D:5      | Became a worshipper of Dithmenos the Shadowed
  5547 | Temple   | Entered the Ecumenical Temple
  5557 | Temple   | Reached XP level 8. HP: 24/59 MP: 8/8
  6038 | D:5      | Found a faded altar of an unknown god.
  6038 | D:5      | Found a glowing silver altar of Zin.
  6043 | D:5      | Found an ornate altar of the Wu Jian Council.
  6045 | D:5      | Found a faded altar of an unknown god.
  6047 | D:5      | Found a basalt altar of Yredelemnul.
  6374 | D:6      | Found an iron altar of Okawaru.
  6530 | D:6      | Noticed Duvessa
  6536 | D:6      | Noticed Dowan
  6537 | D:6      | Killed Duvessa
  6537 | D:6      | Reached skill level 11 in Stealth
  6564 | D:6      | Killed Dowan
  7461 | D:7      | Reached skill level 5 in Dodging
  7931 | D:7      | Found a shimmering altar of Xom.
  8010 | D:7      | Reached * piety under Dithmenos
  8147 | D:7      | Found a radiant altar of Vehumet.
  8148 | D:7      | Found a burning altar of Makhleb.
  8606 | D:7      | Reached skill level 5 in Hexes
  8618 | D:7      | Found a runed door.
  8622 | D:7      | Noticed Leero's ghost (novice NaTm)
  8622 | D:7      | Noticed a centaur warrior
  8625 | D:7      | Killed Leero's ghost
  8625 | D:7      | Reached XP level 9. HP: 66/66 MP: 8/10
  8627 | D:7      | Killed a centaur warrior
  8627 | D:7      | Reached skill level 12 in Stealth
  8627 | D:7      | Reached skill level 1 in Spellcasting
  8770 | D:7      | Reached skill level 5 in Fighting
  9390 | D:8      | Reached XP level 10. HP: 41/74 MP: 11/11
  9541 | D:8      | Noticed Erica
  9546 | D:8      | Killed Erica
 10044 | D:8      | Noticed a green ugly thing
 10279 | D:8      | Killed a green ugly thing
 10331 | D:8      | Found a white marble altar of Elyvilon.
 10412 | D:8      | Noticed Joseph
 10419 | D:8      | Killed Joseph
 10423 | D:8      | Reached ** piety under Dithmenos
 10482 | D:8      | Noticed Maurice
 10495 | D:8      | Noticed Maurice
 10495 | D:8      | Maurice changed into Maurice the warg
 10529 | D:8      | Killed Maurice the warg
 11037 | D:4      | Bought a book of Misfortune for 240 gold pieces
 11041 | D:4      | Learned a level 3 spell: Confuse
 11582 | D:8      | Reached skill level 13 in Stealth
 12249 | D:9      | Found a staircase to the Lair.
 12332 | D:9      | Noticed a two-headed ogre
 12616 | D:8      | Killed a two-headed ogre
 12616 | D:8      | Reached XP level 11. HP: 80/81 MP: 12/14
 12947 | D:9      | Reached skill level 10 in Hexes
 13477 | D:10     | Entered Level 10 of the Dungeon
 13816 | D:10     | Reached skill level 14 in Stealth
 13890 | D:10     | Noticed a two-headed ogre
 13907 | D:10     | Killed a two-headed ogre
 14052 | D:10     | Noticed a centaur warrior
 14061 | D:10     | Killed a centaur warrior
 14061 | D:10     | Reached skill level 10 in Short Blades
 14142 | D:10     | Reached *** piety under Dithmenos
 14273 | D:10     | Noticed Erolcha
 14302 | D:10     | Killed Erolcha
 14705 | D:11     | Found an ancient bone altar of Kikubaaqudgha.
 14821 | D:11     | Reached skill level 15 in Stealth
 15070 | D:11     | Reached **** piety under Dithmenos
 15210 | D:11     | Noticed a two-headed ogre
 15212 | D:11     | Noticed a two-headed ogre
 15213 | D:11     | Noticed an ogre mage
 15213 | D:11     | Noticed a two-headed ogre
 15220 | D:11     | Killed a two-headed ogre
 15220 | D:11     | Reached XP level 12. HP: 88/89 MP: 9/18
 15226 | D:11     | Noticed a two-headed ogre
 15239 | D:11     | Killed a two-headed ogre
 15260 | D:11     | Killed a two-headed ogre
 15295 | D:11     | Killed an ogre mage
 15888 | D:11     | Killed a two-headed ogre
 15888 | D:11     | Reached skill level 5 in Spellcasting
 16146 | D:12     | Found a flagged portal.
 16155 | Bailey   | Entered a bailey
 16552 | D:12     | Reached skill level 16 in Stealth
 16768 | D:12     | Found a staircase to the Orcish Mines.
 17352 | D:13     | Noticed a catoblepas
 17359 | D:13     | Killed a catoblepas
 17455 | D:13     | Noticed a centaur warrior
 17708 | D:13     | Killed a centaur warrior
 17708 | D:13     | Reached skill level 17 in Stealth
 17715 | D:12     | Reached XP level 13. HP: 50/95 MP: 3/22
 17900 | D:13     | Reached ***** piety under Dithmenos
 18059 | D:13     | Noticed Urug
 18105 | D:13     | Killed Urug
 18207 | D:13     | Noticed Sonja
 18222 | D:13     | Killed Sonja
 18283 | D:13     | Found Cokoc's Book Emporium.
 18560 | D:14     | Found a gate to the Vaults.
 18703 | Lair:1   | Entered Level 1 of the Lair of Beasts
 18758 | Lair:1   | You fall through a shaft!
 19143 | D:9      | Reached skill level 15 in Hexes
 19151 | D:9      | Reached skill level 18 in Stealth
 19612 | Lair:2   | Got a fabulously ornate robe
 19623 | Lair:2   | Identified the +2 robe of Apsedghos {Slay+3} (You found it
                  | on level 2 of the Lair of Beasts)
 19684 | Lair:2   | Found a staircase to the Snake Pit.
 20492 | Lair:3   | Found a staircase to the Shoals.
 21692 | Lair:4   | Reached XP level 14. HP: 96/103 MP: 26/26
 21877 | Lair:4   | Reached skill level 19 in Stealth
 22251 | Lair:5   | Found a runed door.
 22252 | Lair:5   | Found a viscous altar of Jiyva.
 22253 | Lair:5   | Noticed an azure jelly
 22262 | Lair:5   | Found a staircase to the Slime Pits.
 22267 | Lair:5   | Killed an azure jelly
 22333 | Lair:5   | Found a runed door.
 22333 | Lair:5   | Found a shimmering altar of Xom.
 22333 | Lair:5   | Noticed Geinyojo's ghost (journeyman MiBe)
 22426 | Lair:5   | Noticed Josephine
 22435 | Lair:5   | Killed Josephine
 23313 | Lair:6   | Entered Level 6 of the Lair of Beasts
 23712 | Lair:6   | Reached skill level 20 in Stealth
 24344 | Lair:6   | Reached ****** piety under Dithmenos
 25010 | Orc:1    | Entered Level 1 of the Orcish Mines
 25010 | Orc:1    | Found a roughly hewn altar of Beogh.
 25333 | Orc:2    | Entered Level 2 of the Orcish Mines
 25333 | Orc:2    | Found a roughly hewn altar of Beogh.
 25535 | Orc:2    | Found a roughly hewn altar of Beogh.
 25553 | Orc:2    | Found Goibionn's General Store.
 25639 | Orc:2    | Bought 2 potions of agility for 104 gold pieces
 25639 | Orc:2    | Bought a potion of invisibility for 104 gold pieces
 25663 | Orc:2    | Found a roughly hewn altar of Beogh.
 25737 | Orc:2    | Found a roughly hewn altar of Beogh.
 25951 | Orc:2    | Noticed an orc warlord
 26143 | Orc:1    | Killed an orc warlord
 26361 | Orc:2    | Paralysed by an orc sorcerer for 3 turns
 26756 | Orc:1    | Reached XP level 15. HP: 103/110 MP: 22/28
 26984 | Orc:2    | Found Luyq's Antique Weapon Shoppe.
 26985 | Orc:2    | Found a roughly hewn altar of Beogh.
 26988 | Orc:2    | Found Poxzad's Antique Armour Emporium.
 27040 | Orc:2    | Found a staircase to the Elven Halls.
 27054 | Orc:2    | Found a roughly hewn altar of Beogh.
 27055 | Orc:2    | Found Fyuhogor's Antique Armour Shop.
 27077 | Orc:2    | Found Cowiggeo's Food Shop.
 27133 | Orc:2    | Found a roughly hewn altar of Beogh.
 27956 | Elf:1    | Entered Level 1 of the Elven Halls
 27964 | Elf:1    | Reached skill level 21 in Stealth
 28217 | Elf:1    | Reached skill level 10 in Dodging
 28365 | Elf:1    | Noticed Kirke
 28390 | Elf:1    | Killed Kirke
 29772 | Elf:1    | Reached skill level 10 in Spellcasting
 29856 | Elf:1    | Identified a scroll of acquirement
 29859 | Elf:1    | Got a crystal quick blade
 29860 | Elf:1    | Identified the +9 quick blade of the Real Monster {pierce,
                  | Str+6} (You acquired it on level 1 of the Elven Halls)
 29974 | Elf:2    | Found a runed gate.
 29974 | Elf:2    | Found a runed gate.
 29975 | Elf:2    | Found a runed gate.
 30124 | Elf:2    | Killed from afar by a deep elf knight

Skill      XL: |  1  2  3  4  5  6  7  8  9 10 11 12 13 14 15 |
---------------+----------------------------------------------+-----
Stealth        | 6 7 8 9 10 11 12 13 15 17 18 20 21 | 21.8
Fighting       | 2 3 4 5 6 7 |  7.9
Short Blades   | 3 4 5 7 8 9 10 11 12 | 12.0
Dodging        | 2 3 4 5 6 8 9 10 | 10.3
Hexes          | 1 5 7 9 12 14 15 16 17 | 17.5
Spellcasting   | 1 2 4 6 8 9 10 | 10.2
Throwing       | |  1.5
Evocations     | |  0.1

Action                   |  1- 3 |  4- 6 |  7- 9 | 10-12 | 13-15 || total
-------------------------+-------+-------+-------+-------+-------++-------
Melee: Dagger            |   173 |   236 |   711 |   253 |       ||  1373
       Bite              |    17 |    21 |    83 |    96 |    81 ||   298
       Short sword       |       |       |       |   542 |   891 ||  1433
       Quick blade       |       |       |       |       |    28 ||    28
 Fire: Blowgun           |     1 |     2 |     2 |       |       ||     5
Throw: Throwing net      |       |       |     1 |     1 |     1 ||     3
 Cast: Confusing Touch   |       |       |     2 |     3 |       ||     5
       Confuse           |       |       |       |   125 |   203 ||   328
Invok: Shadow Step       |       |       |       |     1 |     3 ||     4
 Abil: Bat Form          |       |     1 |     2 |     1 |     3 ||     7
       End Transformatio |       |     1 |     2 |     1 |     2 ||     6
Evoke: Wand              |       |       |       |     7 |       ||     7
  Use: Scroll            |     6 |     5 |    10 |     6 |    14 ||    41
       Potion            |       |     2 |     2 |     4 |     5 ||    13
 Stab: Sleeping          |     7 |    20 |    22 |    61 |   133 ||   243
       Confused          |       |       |       |    63 |   108 ||   171
       Held in net/web   |       |       |       |     2 |     1 ||     3
       Distracted        |       |       |       |     2 |     6 ||     8
  Eat: Corpse            |    11 |    12 |    19 |    38 |    55 ||   135
Armor: Robe              |    42 |    27 |    60 |    72 |    68 ||   269
       Skin              |       |       |    49 |       |       ||    49
Dodge: Dodged            |    99 |   138 |   295 |   585 |   762 ||  1879
